 Dungeon Crawl Stone Soup version 0.29.1-14-g9c671dbff4 (webtiles) character file.

Game seed: 2257451851945828772

34 sanboga the Covered (level 3, -2/23 HPs)
             Began as a Gargoyle Fighter on Feb 20, 2023.
             Killed from afar by an oklob plant (25 damage)
             ... with a splash of acid
             ... created by the enmity of Fedhas Madash
             ... on level 1 of the Dungeon.
             The game lasted 00:01:57 (724 turns).

sanboga the Covered (Gargoyle Fighter)               Turns: 724, Time: 00:01:58

Health: -2/23      AC: 13    Str: 21    XL:     3   Next: 31%
Magic:  3/3        EV:  9    Int:  8    God:
Gold:   25         SH:  4    Dex:  9    Spells: 2/2 levels left

rFire   . . .      SeeInvis .   a - +0 war axe
rCold   . . .      Faith    .   c - +0 buckler
rNeg    + . .      Spirit   .   b - +0 scale mail
rPois   ∞          Reflect  .   (no helmet)
rElec   +          Harm     .   (no cloak)
rCorr   .          Rampage  .   (no gloves)
Will    .....                   k - +2 pair of boots
Stlth   ..........              (no amulet)
HPRegen 0.07/turn               (no ring)
MPRegen 0.08/turn               (no ring)

@: mighty
A: sickness immunity, AC +3, negative energy resistance 1, electricity
resistance, torment resistance 1, petrification resistance
a: no special abilities


You were on level 1 of the Dungeon.
You visited 1 branch of the dungeon, and saw 1 of its levels.

You collected 25 gold pieces.

Inventory:

Hand Weapons
 a - a +0 war axe (weapon)
Armour
 b - a +0 scale mail (worn)
 c - a +0 buckler (worn)
 k - a +2 pair of boots (worn)
Scrolls
 e - a scroll of noise {unknown}
 g - a scroll of summoning {unknown}
 j - 2 scrolls of enchant armour {unknown}
Potions
 f - a potion of haste {unknown}
 h - a potion of curing {unknown}
 i - a potion of degeneration {unknown}
 l - a potion of heal wounds {unknown}


   Skills:
 + Level 3.6 Fighting
 * Level 2.4 Axes
 + Level 3.6 Armour
 + Level 3.6 Shields


You had 2 spell levels left.
You didn't know any spells.
Your spell library was empty.

Dungeon Overview and Level Annotations

Branches:
Dungeon (1/15)

Altars:
Fedhas

Annotations:
D:1 exclusion: 2 oklob plants


Innate Abilities, Weirdness & Mutations

You are immune to sickness and miasma.
Your stone body is resilient. (AC +3)
You are immune to poison.
You resist negative energy. (rN+)
You are resistant to electric shocks. (rElec)
You are resistant to unholy torment.
You are immune to petrification.


Message History

The ball python hisses angrily.
A rat comes into view.
There are monsters nearby!
There are monsters nearby!
You slash the ball python!
You kill the ball python!
The rat bites you but does no damage.
You see here a ball python corpse.
You slash the rat!
You kill the rat!
No target in view!
No target in view!
No target in view!
No target in view!
You see here a rat corpse.
A ball python comes into view.
A ball python is nearby!
The ball python bites you but does no damage.
The ball python grabs you. The ball python constricts you.
You slash the ball python!
You kill the ball python!
No target in view!
No target in view!
No target in view!
No target in view!
No target in view!
No target in view!
l - a brown potion Plants grow around you in an ominous manner.
Marking area around 2 oklob plants as unsafe for travelling. 2 oklob plants come into view.
You feel very mighty all of a sudden.
You hit the oklob plant.
The oklob plant is lightly damaged.
You hit the wandering mushroom. You hit the oklob plant.
You slash the wandering mushroom! The oklob plant spits acid at you.
The splash of acid hits you!!
Ouch! That really hurt!
You die...

###
#############.#
#........††.ff#
##.##########@###
#.# #..PP.# #.#
#f#.#.# #.#
#.#.#.# #.#
#...#.#
########## #.#
##########.#
#......... #.#
#..........#
#......... #.#
#.#######..#
#......... #.#
#.# #..#
#.........


You could see 2 oklob plants and 3 wandering mushrooms.

Vanquished Creatures
  A gnoll (D:1)
  2 ball pythons (D:1)
  2 endoplasms (D:1)
  2 giant cockroaches (D:1)
  3 goblins (D:1)
  2 hobgoblins (D:1)
  2 kobolds (D:1)
  A quokka (D:1)
  2 bats (D:1)
  3 frilled lizards (D:1)
  A rat (D:1)
21 creatures vanquished.

Notes
Turn   | Place    | Note
-------+----------+-------------------------------------------
     0 | D:1      | sanboga the Gargoyle Fighter began the quest for the Orb.
     0 | D:1      | Reached XP level 1. HP: 14/14 MP: 1/1
    94 | D:1      | Reached XP level 2. HP: 19/19 MP: 2/2
   292 | D:1      | Reached XP level 3. HP: 18/23 MP: 3/3
   418 | D:1      | Found a faded altar of an unknown god.
   426 | D:1      | Prayed at the altar of an unknown god.
   426 | D:1      | Became a worshipper of Fedhas Madash
   426 | D:1      | Reached * piety under Fedhas
   440 | D:1      | Fell from the grace of Fedhas
   723 | D:1      | Noticed a wandering mushroom
   723 | D:1      | Noticed an oklob plant
   723 | D:1      | Noticed an oklob plant
   723 | D:1      | Noticed a wandering mushroom
   723 | D:1      | Noticed a wandering mushroom
   724 | D:1      | Killed from afar by an oklob plant

Illustrated notes

Levels and vault maps discovered:
D:1:      mrwooster_arrival_statue_2, layout_basic,
          ebering_ecumenical_altar_sacrificial, dreamdust_princess_bridge,
          kennysheep_nondescript

Skill      XL: |  1 |
---------------+----+-----
Axes           | 2 |  2.4
Fighting       | |  3.6
Armour         | |  3.6
Shields        | |  3.6

Action                   || total
-------------------------++-------
Melee: War axe           ||    35
Invok: Renounce Religion ||     1
  Use: Potion            ||     1
Armor: Scale mail        ||    15
Dodge: Dodged            ||    15
Block: Buckler           ||     8
